Unix NetHack Version 3.7.0-97 Work-in-progress - last build Feb 9 2024 02:06:40 (6d6cdf8371b60126770a3d7b88910941cb14a054,branch:master). Game began 2024-02-25 11:14:56, ended 2024-02-25 11:51:02. Cloudmillion, lawful female human Valkyrie ------ |.....# ----- ------------ #-..y.|# |...| |..........| #|....|#### #....| [[..Z.......| #------# |(..| #|.[......@@| # # |....###$#|..........| ## # |>..| |.......d..| # ## ---.- ------------ ---------------- ## # # |$$$$$$$$$$$$$..## ## #### |$$$$$$$$$$$$$.| # ##### # |$$$$$$$$$$$$$.. ####### #####-----# |$$$$$$$$$$$$$ #------------ ##.^..|##### -------------- #............######|....### |..(.......|######....| # --------.- |....`......# #|...| # |........| ------------ ----- ###.........| |...<....| ---------- Cloudmillion the Fighter St:15 Dx:14 Co:17 In:10 Wi:14 Ch:10 Lawful Dlvl:7 $:149 HP:0(65) Pw:22(22) AC:-6 Xp:8 T:5557 Deaf Latest messages: The Woodland-elf swings her elven broadsword. The Woodland-elf hits! You finish your dressing maneuver. You begin bashing monsters with your lamp. You hit the Woodland-elf. The Woodland-elf swings her elven broadsword. The Woodland-elf hits! Jupiter picks up an elven dagger. What do you want to use or apply? [efhknxCIKLWY or ?*] W You start playing your drum. You beat a deafening row! The Woodland-elf swings her elven broadsword. The Woodland-elf misses! It misses the Woodland-elf. The Woodland-elf swings her elven broadsword. The Woodland-elf misses! Jupiter drops an elven dagger. Jupiter bites the Woodland-elf. The Woodland-elf swings her elven broadsword at Jupiter. The Woodland-elf hits Jupiter. The Woodland-elf picks up a +0 elven mithril-coat. The Woodland-elf puts on a +0 elven mithril-coat. Jupiter drops a greased +1 leather jacket. What do you want to throw? [$aG or ?*] b You don't have that object. What do you want to throw? [$aG or ?*] Never mind. What do you want to zap? [efxI or ?*] x In what direction? . You are suddenly moving faster. What do you want to zap? [efxI or ?*] f In what direction? 4 What do you want to wield? [- aG or ?*] a a - a +1 spear (weapon in left hand). You hit the Woodland-elf! The Woodland-elf swings her elven broadsword. The Woodland-elf hits! You miss the Woodland-elf. You miss the Woodland-elf. The Woodland-elf swings her elven broadsword. The Woodland-elf misses! You hit the Woodland-elf! The Woodland-elf swings her elven broadsword. The Woodland-elf hits! You die... Do you want your possessions identified? [ynq] (y) y Do you want to see your attributes? [ynq] (y) y Do you want an account of creatures vanquished? [ynaq] (y) y Do you want to see your conduct and achievements? [ynq] (y) y Do you want to see the dungeon overview? [ynq] (y) y Inventory: Coins $ - 149 gold pieces Weapons G - a +0 orcish dagger a - a +1 spear (weapon in left hand) Armor S - an uncursed greased +0 orcish helm (being worn) c - an uncursed greased +3 small shield (being worn) B - a cursed greased +2 gray dragon scale mail (being worn) Comestibles d - 3 uncursed food rations X - an uncursed lizard corpse Scrolls v - a blessed scroll of blank paper V - an uncursed scroll of earth J - an uncursed scroll of enchant weapon p - a cursed scroll of fire j - a blessed scroll of gold detection z - a blessed scroll of magic mapping N - an uncursed scroll of magic mapping E - an uncursed scroll of teleportation Potions i - an uncursed potion of confusion g - an uncursed potion of fruit juice D - a cursed potion of gain level l - a blessed potion of hallucination q - 6 uncursed potions of healing r - 2 uncursed potions of object detection w - an uncursed potion of see invisible u - 5 uncursed potions of water Q - a potion of unholy water Rings m - an uncursed ring of cold resistance Z - a cursed -1 ring of gain constitution H - a cursed ring of polymorph Wands I - a wand of cancellation named vanish1 (0:7) f - a wand of cancellation named vanish2 (0:2) e - a wand of light (0:14) x - a wand of speed monster named speed monster (0:4) Tools W - an uncursed leather drum n - a can of grease (0:5) h - an uncursed magic whistle C - a blessed oil lamp (lit) k - an uncursed skeleton key K - a blessed tallow candle Y - a cursed tallow candle L - an uncursed towel Gems/Stones y - 2 uncursed fluorite stones R - an uncursed worthless piece of blue glass s - an uncursed worthless piece of orange glass t - an uncursed worthless piece of violet glass M - an uncursed worthless piece of white glass A - an uncursed worthless piece of yellowish brown glass Cloudmillion the Valkyrie's attributes: Background: You were a Fighter, a level 8 human Valkyrie. You were lawful, on a mission for Tyr who was opposed by Odin (neutral) and Loki (chaotic). You were left-handed. You were in the Dungeons of Doom, on level 7. You entered the dungeon 5557 turns ago. There was a full moon in effect when your adventure ended. You had 1474 experience points, 1086 more were needed to attain level 9. Basics: You had 0 out of 65 hit points. You had all 22 energy points (spell power). Your armor class was -6. Your wallet contained 149 zorkmids. Autopickup was off. Final Characteristics: Your strength was 15 (limit:18/100). Your dexterity was 14 (limit:18). Your constitution was 17 (limit:18). Your intelligence was 10 (limit:18). Your wisdom was 14 (limit:18). Your charisma was 10 (limit:18). Final Status: You were deaf. You weren't hungry. You were unencumbered. You were wielding a spear. You had expert skill with spear. Final Attributes: You were piously aligned. You were magic-protected. You were cold resistant. You were telepathic. You were stealthy. You were very fast. You were unlucky. Tyr was angry with you. You are dead. Miscellaneous: You never encountered a bones level. Total elapsed playing time was 36 minutes and 6 seconds. Major events: Turn 1: Cloudmillion the lawful human Valkyrie entered the dungeon 331: entered the Gnomish Mines 1202: attained the rank of Skirmisher (level 3) 2428: attained the rank of Fighter (level 6) 3200: reached Mine Town 5532: made her first wish - "+2 blessed greased gray dragon scale mail", got "a greased gray dragon scale mail" 5557: killed by a Woodland-elf Vanquished creatures: a ghost a large mimic a small mimic a gold golem a lizard a dingo a blue jelly a human zombie a Woodland-elf 2 mountain nymphs 2 Mordor orcs 2 ponies a yellow light a shrieker 2 violet fungi 6 gnome leaders 2 gnomish wizards a gray ooze a ghoul a paper golem 4 giant ants a little dog 5 floating eyes a homunculus 2 kobold leaders 5 hill orcs 7 rothes a giant bat 4 orc zombies 3 iguanas 7 killer bees an acid blob 2 hobbits a manes a large kobold 3 hobgoblins 2 brown molds 19 gnomes a gnome zombie 5 geckos 4 jackals a goblin a grid bug 8 lichens 8 newts 127 creatures vanquished. No species were genocided or became extinct. Voluntary challenges: You read items or engraved 6 times. You never engraved Elbereth. You never genocided any monsters. You never polymorphed an object. You never changed form. You used 1 wish. You did not wish for any artifacts. Achievements: You entered the Gnomish Mines. You entered a shop. You attained the rank of Skirmisher. You attained the rank of Fighter. You entered Minetown. You entered a temple. The Dungeons of Doom: levels 1 to 7 Level 1: An altar to Tyr, a fountain. Level 2: A fountain. Stairs down to The Gnomish Mines. Level 3: Some fountains, a sink. Level 4: Some fountains. Level 5: A fountain. Level 6: Level 7: <- You were here. Final resting place for you, killed by a Woodland-elf. The Gnomish Mines: levels 3 to 5 Level 3: Level 4: Level 5: A temple and an altar, some fountains. Game over: ---------- / \ / REST \ / IN \ / PEACE \ / \ | Cloudmillion | | 149 Au | | killed by a | | Woodland-elf | | | | | | 2024 | *| * * * | * _________)/\\_//(\/(/\)/\//\/|_)_______ Farvel Cloudmillion the Valkyrie... You died in The Dungeons of Doom on dungeon level 7 with 6351 points, and 149 pieces of gold, after 5557 moves. You were level 8 with a maximum of 65 hit points when you died.